 Dungeon Crawl Stone Soup version 0.27-a0-577-ge2a43ba0c9 (webtiles) character file.

Game seed: 2596046742748360747

1387 srzhan31 the Conjurer (level 8, 0/58 HPs)
             Began as a Gnoll Conjurer on Mar 9, 2021.
             Was an Initiate of Vehumet.
             Slain by a slime creature (15 damage)
             ... on level 5 of the Dungeon.
             The game lasted 00:15:02 (5851 turns).

srzhan31 the Conjurer (Gnoll Conjurer)              Turns: 5851, Time: 00:15:03

Health: 0/58       AC:  2    Str:  7    XL:     8   Next: 67%
Magic:  3/17       EV: 13    Int: 19    God:    Vehumet [......]
Gold:   342        SH:  0    Dex: 11    Spells: 16/19 levels left

rFire    . . .     SeeInvis .   j - staff of cold
rCold    + . .     Faith    .   (no shield)
rNeg     + . .     Spirit   .   a - +0 robe
rPois    .         Reflect  .   (no helmet)
rElec    .         Harm     .   (no cloak)
rCorr    .         Rampage  .   (no gloves)
Will     .....                  (no boots)
Stlth    +++.......             (no amulet)
HPRegen  0.19/turn              f - ring of positive energy
MPRegen  0.15/turn              s - ring of wizardry

@: no status effects
A: fangs 1, strong nose, distributed training
a: Renounce Religion


You were on level 5 of the Dungeon.
You worshipped Vehumet.
Vehumet was noncommittal.
You visited 2 branches of the dungeon, and saw 6 of its levels.

You collected 342 gold pieces.

Inventory:

Hand Weapons
 l - a +4 hand axe
 q - a +0 shortbow of freezing
Missiles
 r - 57 arrows
Armour
 a - a +0 robe (worn)
Magical Staves
 j - a staff of cold (weapon)
Jewellery
 f - a ring of positive energy (left hand)
 h - a ring of protection from cold
 s - a ring of wizardry (right hand)
Scrolls
 b - 6 scrolls of teleportation
 d - 4 scrolls of identify
 e - a scroll of fear
 g - a scroll of enchant weapon {unknown}
 u - 2 scrolls of noise {unknown}
 v - 2 scrolls of blinking
 y - a scroll of fog {unknown}
Potions
 c - 3 potions of degeneration {unknown}
 i - a potion of lignification {unknown}
 k - a potion of haste {unknown}
 m - a potion of flight {unknown}
 n - 2 potions of heal wounds {unknown}
 o - a potion of curing
 p - a potion of cancellation {unknown}
 t - a potion of berserk rage {unknown}
 w - a potion of attraction {unknown}
 x - a potion of brilliance {unknown}
 z - a potion of invisibility {unknown}


   Skills:
 + Level 3.4 Fighting
 + Level 3.4 Short Blades
 + Level 3.4 Long Blades
 + Level 3.4 Axes
 + Level 3.4 Maces & Flails
 + Level 3.4 Polearms
 + Level 3.4 Staves
 + Level 3.4 Slings
 + Level 3.4 Bows
 + Level 3.4 Crossbows
 + Level 3.4 Throwing
 + Level 3.4 Armour
 + Level 5.8 Dodging
 + Level 5.5 Stealth
 + Level 3.4 Shields
 + Level 3.4 Unarmed Combat
 + Level 6.1 Spellcasting
 + Level 7.7 Conjurations
 + Level 2.8 Hexes
 + Level 2.8 Summonings
 + Level 2.8 Necromancy
 + Level 2.8 Translocations
 + Level 2.8 Transmutations
 + Level 2.8 Fire Magic
 + Level 2.8 Ice Magic
 + Level 2.8 Air Magic
 + Level 2.8 Earth Magic
 + Level 2.8 Poison Magic
 + Level 3.8 Invocations
 + Level 3.4 Evocations


You had 16 spell levels left.
You knew the following spells:

 Your Spells              Type           Power      Damage    Failure   Level
a - Magic Dart            Conj           100%       1d8       1%          1
b - Searing Ray           Conj           70%        3d5       1%          2

Your spell library contained the following spells:

 Spells                   Type           Power      Damage    Failure   Level
 Summon Small Mammal      Summ           64%        N/A       1%          1
 Dazzling Flash           Conj/Hex       52%        N/A       1%          3
 Call Imp                 Summ           16%        N/A       2%          2
 Call Canine Familiar     Summ           16%        N/A       4%          3
 Summon Guardian Golem    Hex/Summ       16%        N/A       4%          3
 Fulminant Prism          Conj/Hex       13%        3d9       4%          4
 Iskenderun's Mystic Bla  Conj/Tloc      26%        2d7       4%          4
 Summon Ice Beast         Ice/Summ       25%        N/A       14%         4
 Summon Lightning Spire   Summ/Air       16%        N/A       14%         4


Dungeon Overview and Level Annotations

Branches:
Dungeon (5/15)             Temple (1/1) D:5

Altars:
Ashenzari
Cheibriados
Dithmenos
Fedhas
Gozag
Hepliaklqana
Makhleb
Nemelex Xobeh
Okawaru
Qazlal
Ru
Sif Muna
Vehumet
Wu Jian
Xom
Zin

Shops:
D:4 [


Innate Abilities, Weirdness & Mutations

You have very sharp teeth.
Your uncanny sense of smell can sniff out nearby items.
Your experience applies equally to all skills.


Message History

An ooze comes into view.
The ooze quivers.
A slime creature comes into view.
Found a bat skeleton.
Things that are here:
3 poisoned darts; a kobold corpse
Casting: Searing Ray (safe; 1% risk of failure)
Confirm with . or Enter, or press ? or * to list all spells.
Aiming: Searing Ray (safe; 1% risk of failure)
Press: ? - help, Shift-Dir - straight line, f - ooze
Aim: an ooze (2% to evade)
The searing ray hits the ooze!
The ooze is heavily wounded.
The searing ray misses the slime creature. (Press . to maintain the ray.)
The ooze hits you.
The searing ray hits the ooze!
You kill the ooze!
Vehumet accepts your kill.
The searing ray hits the slime creature!
The slime creature is lightly wounded.
An ooze comes into view.
The searing ray hits the slime creature!
The slime creature is moderately wounded.
The slime creature hits you!
The searing ray hits the slime creature!
The slime creature is moderately wounded.
The searing ray hits the ooze!
You kill the ooze!
Vehumet accepts your kill.
You finish channeling your searing ray.
A jelly comes into view.
The slime creature hits you!
* * * LOW HITPOINT WARNING * * *
As you read the scroll of fear, it crumbles to dust.
You assume a fearsome visage.
The jelly looks frightened!
The slime creature resists with almost no effort.
A jelly comes into view.
The slime creature hits you!
You die...

..........
#.........#
..........# ∆
..##..........
.....#..###
..##..........
.....#..## ∆
∆P÷##.....#....
.........#
..##.#...#....
.......... ∆
..##.........)
.......###
..##.....#....
.......#.# #######J#
#.(.^.##...
.........####...@J.#
#......##..
........<.##.########
#......#...
......##..###..'....#
#......#... .....##
.# ####....#
#.......... .....##.#
#.......# #.........
........#..
#.......#####......##
...........
#.......##.)...)..##
###.###.#..
#.......######....###
≈≈#.# #.######.....##
.#####..##.


You could see a slime creature and a jelly (wandering).

Vanquished Creatures
  3 ogres
  3 phantoms
  3 kobold brigands (D:5)
  2 bullfrogs
  2 howler monkeys (D:4)
  3 hounds
  An iguana (D:4)
  4 orc wizards (D:5)
  3 worker ants
  9 adders
  4 oozes
  An adder skeleton (D:4)
  2 worms
  A dart slug (D:5)
  3 leopard geckos
  9 orcs
  2 giant cockroaches
  7 goblins
  9 hobgoblins
  12 jackals
  13 kobolds
  2 quokkas (D:3)
  2 ball pythons
  7 bats
  8 frilled lizards
  10 rats
125 creatures vanquished.

Vanquished Creatures (others)
  12 toadstools (D:5)
12 creatures vanquished.

Grand Total: 137 creatures vanquished

Notes
Turn   | Place    | Note
-------+----------+-------------------------------------------
     0 | D:1      | srzhan31 the Gnoll Conjurer began the quest for the Orb.
     0 | D:1      | Reached XP level 1. HP: 13/13 MP: 6/6
   113 | D:1      | Reached XP level 2. HP: 19/19 MP: 0/7
   116 | D:1      | Learned a level 2 spell: Searing Ray
   976 | D:2      | Reached skill level 5 in Spellcasting
   976 | D:2      | Reached XP level 3. HP: 25/25 MP: 4/9
  1416 | D:2      | Found a faded altar of an unknown god.
  1420 | D:2      | Reached skill level 1 in Invocations
  1907 | D:2      | Reached skill level 1 in Fighting
  1907 | D:2      | Reached skill level 1 in Short Blades
  1907 | D:2      | Reached skill level 1 in Long Blades
  1907 | D:2      | Reached skill level 1 in Axes
  1907 | D:2      | Reached skill level 1 in Maces & Flails
  1907 | D:2      | Reached skill level 1 in Polearms
  1907 | D:2      | Reached skill level 1 in Staves
  1907 | D:2      | Reached skill level 1 in Slings
  1907 | D:2      | Reached skill level 1 in Bows
  1907 | D:2      | Reached skill level 1 in Crossbows
  1907 | D:2      | Reached skill level 1 in Throwing
  1907 | D:2      | Reached skill level 1 in Armour
  1907 | D:2      | Reached skill level 1 in Shields
  1907 | D:2      | Reached skill level 1 in Unarmed Combat
  1907 | D:2      | Reached skill level 1 in Evocations
  1908 | D:2      | Reached XP level 4. HP: 32/32 MP: 6/11
  2018 | D:2      | Noticed a bullfrog
  2023 | D:2      | Killed a bullfrog
  2024 | D:2      | Reached skill level 1 in Hexes
  2024 | D:2      | Reached skill level 1 in Summonings
  2024 | D:2      | Reached skill level 1 in Necromancy
  2024 | D:2      | Reached skill level 1 in Translocations
  2024 | D:2      | Reached skill level 1 in Transmutations
  2024 | D:2      | Reached skill level 1 in Fire Magic
  2024 | D:2      | Reached skill level 1 in Ice Magic
  2024 | D:2      | Reached skill level 1 in Air Magic
  2024 | D:2      | Reached skill level 1 in Earth Magic
  2024 | D:2      | Reached skill level 1 in Poison Magic
  2024 | D:2      | Reached XP level 5. HP: 37/37 MP: 7/12
  3406 | D:4      | Reached XP level 6. HP: 44/44 MP: 8/13
  3489 | D:4      | Reached skill level 5 in Dodging
  3869 | D:4      | Found an iron altar of Okawaru.
  3940 | D:4      | Reached XP level 7. HP: 45/50 MP: 10/15
  4034 | D:4      | Found Roucud's Armour Shop.
  4471 | D:5      | Entered Level 5 of the Dungeon
  4515 | D:5      | Reached skill level 5 in Stealth
  5194 | D:5      | Reached XP level 8. HP: 57/57 MP: 12/16
  5205 | D:5      | Found a shadowy altar of Dithmenos.
  5595 | D:5      | Found a staircase to the Ecumenical Temple.
  5602 | Temple   | Entered the Ecumenical Temple
  5618 | Temple   | Became a worshipper of Vehumet
  5844 | D:5      | Noticed a slime creature
  5851 | D:5      | Slain by a slime creature

Illustrated notes

Levels and vault maps discovered:
D:1:      minmay_arrival_three_doors, layout_loops_ring, corner_web_ring
D:2:      layout_loops_corners, chequers_ecumenical_altar_simple
D:3:      layout_loops_ring
D:4:      layout_cave_pods, serial_shops, nicolae_shop_waterfront, minivault_19,
          okawaru_metal_pillars_3
D:5:      cheibrodos_fertilizer, layout_cave_pools, general_overflow_altar,
          temple_green
Temple:   lightli_temple_of_artemis

Skill      XL: |  1  2  3  4  5  6  7  8 |
---------------+-------------------------+-----
Spellcasting   | 5 6 |  6.1
Invocations    | 1 2 3 |  3.8
Fighting       | 1 2 3 |  3.4
Short Blades   | 1 2 3 |  3.4
Long Blades    | 1 2 3 |  3.4
Axes           | 1 2 3 |  3.4
Maces & Flails | 1 2 3 |  3.4
Polearms       | 1 2 3 |  3.4
Staves         | 1 2 3 |  3.4
Slings         | 1 2 3 |  3.4
Bows           | 1 2 3 |  3.4
Crossbows      | 1 2 3 |  3.4
Throwing       | 1 2 3 |  3.4
Armour         | 1 2 3 |  3.4
Shields        | 1 2 3 |  3.4
Unarmed Combat | 1 2 3 |  3.4
Evocations     | 1 2 3 |  3.4
Hexes          | 1 2 |  2.8
Summonings     | 1 2 |  2.8
Necromancy     | 1 2 |  2.8
Translocations | 1 2 |  2.8
Transmutations | 1 2 |  2.8
Fire Magic     | 1 2 |  2.8
Ice Magic      | 1 2 |  2.8
Air Magic      | 1 2 |  2.8
Earth Magic    | 1 2 |  2.8
Poison Magic   | 1 2 |  2.8
Dodging        | 5 |  5.8
Stealth        | 5 |  5.5
Conjurations   | |  7.7

Action                   |  1- 3 |  4- 6 |  7- 9 || total
-------------------------+-------+-------+-------++-------
Melee: Unarmed           |    13 |       |       ||    13
       Staff             |       |    12 |    11 ||    23
       Bite              |       |     1 |       ||     1
 Cast: Magic Dart        |    13 |     1 |       ||    14
       Searing Ray       |    25 |    40 |    31 ||    96
  Use: Scroll            |       |     4 |     1 ||     5
 Stab: Sleeping          |       |     1 |       ||     1
Armor: Robe              |     3 |     3 |     5 ||    11
Dodge: Dodged            |    18 |    23 |    47 ||    88

Table legend: (Time is in decaauts)
 A = Elapsed time spent in this place.
 B = Non-inter-level travel time spent in this place.
 C = Inter-level travel time spent in this place.
 D = Time resting spent in this place.
 E = Time spent auto-exploring this place.
 F = Levels seen in this place.
 G = Mean time per level.
                   A        B        C        D        E       F      G
               +--------+--------+--------+--------+--------+-----+--------+
         Total |   5851 |   5791 |     60 |      0 |   4452 |   6 |  975.2 |
       Dungeon |   5818 |   5758 |     60 |      0 |   4452 |   5 | 1163.6 |
        Temple |     32 |     32 |      0 |      0 |      0 |   1 |   32.0 |
               +--------+--------+--------+--------+--------+-----+--------+

Top non-repeatable levels by time:
     D:5: 1346 daAuts
     D:2: 1296 daAuts
     D:4: 1118 daAuts
     D:3: 1095 daAuts
     D:1: 962 daAuts
  Temple: 32 daAuts
